 Dungeon Crawl Stone Soup version 0.27-a0-836-gfc908b8576 (webtiles) character file.

Game seed: 7799101169990529417

12784 polve the Martial Artist (level 11, -30/99 HPs)
             Began as a White Draconian Transmuter on Apr 1, 2021.
             Annihilated by a boulder beetle (47 damage)
             ... on level 11 of the Dungeon.
             The game lasted 00:30:22 (12678 turns).

polve the Martial Artist (DrTm)                    Turns: 12678, Time: 00:30:23

Health: -30/99     AC: 14    Str: 12    XL:     11   Next: 67%
Magic:  14/14      EV: 16    Int: 17    God:
Gold:   1824       SH:  5    Dex: 12    Spells: 4/14 levels left

rFire    . . .     SeeInvis .     - Unarmed
rCold    + . .     Faith    .   (no shield)
rNeg     . . .     Spirit   .   (armour unavailable)
rPois    .         Reflect  +   (helmet currently unavailable)
rElec    .         Harm     .   l - +1 cloak
rCorr    .         Rampage  .   m - +0 pair of gloves
Will     .....                  (boots currently unavailable)
Stlth    +.........             g - amulet of reflection
HPRegen  1.26/turn              d - +4 ring of protection
MPRegen  0.14/turn              j - +4 ring of evasion

@: short of breath, appendages, flying
A: horns 2, talons 2, flying, breathe frost, AC +7, unfitting armour, cold
resistance 1, cold-blooded, big wings, regeneration 1
a: Breathe Frost, End Transformation


You were on level 11 of the Dungeon.
You had temporarily grown beastly horns and talons.
You visited 2 branches of the dungeon, and saw 12 of its levels.

You collected 1824 gold pieces.

Inventory:

Hand Weapons
 A - the +11 longbow of the Eight Nightingales {freeze, rF+ Stlth+}
   (You found it on level 9 of the Dungeon)

   It causes projectiles fired from it to freeze those they strike, causing
   extra injury to most foes and up to half again as much damage against
   particularly susceptible opponents.
   They can also slow down cold-blooded creatures.
   It protects you from fire.
   It makes you more stealthy.
Missiles
 u - 252 arrows
Armour
 l - a +1 cloak (worn)
 m - a +0 pair of gloves (worn)
 B - a +2 hat (melded)
Jewellery
 d - a +4 ring of protection (left hand)
 e - a +6 ring of intelligence
 g - an amulet of reflection (around neck)
 j - a +4 ring of evasion (right hand)
 q - a ring of positive energy
 t - a +6 ring of intelligence
Wands
 p - a wand of flame (44)
 v - a wand of digging (8)
 x - a wand of paralysis (15)
 z - a wand of iceblast (5)
Scrolls
 a - 4 scrolls of teleportation
 c - 3 scrolls of fog
 f - 4 scrolls of identify
 h - a scroll of immolation
 n - a scroll of silence
 o - a scroll of summoning
 r - a scroll of vulnerability
 s - a scroll of blinking
 w - 3 scrolls of enchant armour
 y - a scroll of amnesia
Potions
 b - 5 potions of curing
 i - 3 potions of attraction
 C - a potion of haste


   Skills:
 - Level 10.0 Fighting
 - Level 1.7 Dodging
 - Level 12.0 Unarmed Combat
 - Level 2.0 Spellcasting
 * Level 0.2 Hexes
 * Level 0.2 Translocations
 + Level 11.6 Transmutations


You had 4 spell levels left.
You knew the following spells:

 Your Spells              Type           Power      Damage    Failure   Level
a - Beastly Appendage     Tmut           82%        N/A       1%          1
b - Wereblood             Tmut           41%        N/A       1%          2
c - Corona                Hex            2%         N/A       19%         1
d - Hydra Form            Tmut           20%        N/A       4%          5
e - Apportation           Tloc           4%         N/A       19%         1

Your spell library contained the following spells:

 Spells                   Type           Power      Damage    Failure   Level
 Spider Form              Tmut/Pois      10%        N/A       5%          3
 Ice Form                 Ice/Tmut       21%        N/A       17%         4
 Petrify                  Tmut/Erth      21%        N/A       17%         4
 Animate Skeleton         Necr           2%         N/A       19%         1
 Summon Small Mammal      Summ           4%         N/A       19%         1
 Call Imp                 Summ           1%         N/A       28%         2
 Confusing Touch          Hex            2%         N/A       47%         3
 Gell's Gravitas          Tloc           1%         N/A       47%         3
 Call Canine Familiar     Summ           1%         N/A       50%         3
 Summon Guardian Golem    Hex/Summ       2%         N/A       50%         3
 Summon Ice Beast         Ice/Summ       1%         N/A       88%         4
 Summon Lightning Spire   Summ/Air       1%         N/A       88%         4
 Yara's Violent Unravell  Hex/Tmut       10%        3d6       43%         5
 Metabolic Englaciation   Hex/Ice        1%         N/A       99%         5


Dungeon Overview and Level Annotations

Branches:
Dungeon (11/15)            Temple (1/1) D:4             Orc (0/2) D:10
   Lair: D:8-11

Altars:
Ashenzari
Cheibriados
Dithmenos
Elyvilon
Fedhas
Gozag
Hepliaklqana
Kikubaaqudgha
Makhleb
Nemelex Xobeh
Okawaru
Qazlal
Ru
Sif Muna
Trog
Uskayaw
Vehumet
Wu Jian
Xom
Yredelemnul
Zin
The Shining One

Shops:
D:10 (

Annotations:
D:10 Snorg, Urug


Innate Abilities, Weirdness & Mutations

You have temporarily grown beastly horns and talons.
You are flying.
You can breathe waves of freezing cold which knock back foes.
Your icy white scales are hard. (AC +7)
You cannot fit into any form of body armour.
Your flesh is cold resistant. (rC+)
You are cold-blooded and may be slowed by cold attacks.
Your large and strong wings let you fly.
Your natural rate of healing is unusually fast.


Message History

Casting: Beastly Appendage (safe; 1% risk of failure)
Confirm with . or Enter, or press ? or * to list all spells.
You grow a pair of large bovine horns.
Your feet morph into talons.
Your +2 hat melds into your body.
The boulder beetle curls into a ball and begins rolling!
The boulder beetle hits you!!
The boulder beetle stops rolling and uncurls.
You hit the boulder beetle but do no damage.
You claw the boulder beetle, but do no damage.
You headbutt the boulder beetle, but do no damage.
You tail-slap the boulder beetle, but do no damage.
The boulder beetle is heavily wounded.
The boulder beetle bites you but does no damage.
You hit the boulder beetle but do no damage.
You claw the boulder beetle, but do no damage.
You headbutt the boulder beetle. You tail-slap the boulder beetle.
The boulder beetle is heavily wounded.
The boulder beetle bites you!!
You hit the boulder beetle but do no damage.
You claw the boulder beetle.
You tail-slap the boulder beetle, but do no damage.
The boulder beetle is heavily wounded.
The boulder beetle bites you!
You hit the boulder beetle but do no damage.
You claw the boulder beetle, but do no damage.
The boulder beetle is heavily wounded.
You punch the boulder beetle! You headbutt the boulder beetle.
The boulder beetle is severely wounded.
The boulder beetle bites you!!
* * * LOW HITPOINT WARNING * * *
You hit the boulder beetle but do no damage.
You headbutt the boulder beetle, but do no damage.
The boulder beetle is severely wounded.
The boulder beetle bites you!
* * * LOW HITPOINT WARNING * * *
The boulder beetle leaps!
The boulder beetle curls into a ball and begins rolling!
There is a stone staircase leading up here.
The boulder beetle hits you!!!
You die...

...........# #......
#######....# #.....#
#....# #.....#
#....# #.....+
#....#+##.°...#
#####......°...#
#...#......○...#
#...'......B...#
#####......@...#
#####..)...........#
#.....)..######....#
#.....)..+ #....#
#........# #....#
#....##### #....#
#.... #....# +....
#..... #... ......


You could see a boulder beetle.

Vanquished Creatures
  Fannar (D:10)
  A two-headed ogre (D:9)
  Pikel (D:6)
  Joseph (D:7)
  Maggie (D:7)
  A hornet (D:9)
  Grinder (D:3)
  7 slime creatures
  A wraith (D:10)
  A shadow (D:9)
  16 yaks
  A wyvern (D:10)
  4 steam dragons
  Edmund (D:4)
  Menkaure (D:7)
  An acid dragon (D:8)
  5 water moccasins
  4 orc warriors
  Duvessa (D:7)
  An ice beast (D:3)
  3 black bears
  A hornet zombie (D:8)
  2 sky beasts
  2 ogres
  5 centaurs
  A necrophage (D:5)
  2 phantoms
  2 lemures (D:6)
  4 kobold brigands
  2 scorpions
  Dowan (D:7)
  A water moccasin skeleton (D:5)
  4 killer bees (D:10)
  9 wights
  3 centaur zombies
  A gnoll shaman (D:7)
  Crazy Yiuf (D:4)
  3 hounds (D:5)
  5 orc priests
  A centaur skeleton (D:6)
  2 bullfrog skeletons (D:5)
  2 iguanas (D:5)
  11 orc wizards
  8 adders
  10 gnolls
  A howler monkey skeleton (D:7)
  A shadow imp (D:5)
  2 white imps
  An ufetubus (D:5)
  An adder skeleton (D:5)
  A worm (D:3)
  4 dart slugs
  37 orcs
  9 bats
  5 endoplasms
  4 giant cockroaches
  10 goblins
  6 hobgoblins
  11 jackals
  6 quokkas
  7 ball pythons
  6 frilled lizards
  30 kobolds
  5 rats (D:1)
  A bush (D:1)
285 creatures vanquished.

Vanquished Creatures (others)
  An orc (D:10)
  10 fungi
  3 plants (D:1)
14 creatures vanquished.

Grand Total: 299 creatures vanquished

Notes
Turn   | Place    | Note
-------+----------+-------------------------------------------
     0 | D:1      | polve the Draconian Transmuter began the quest for the Orb.
     0 | D:1      | Reached XP level 1. HP: 16/16 MP: 3/3
   119 | D:1      | Reached XP level 2. HP: 24/24 MP: 3/5
   382 | D:1      | Reached XP level 3. HP: 25/30 MP: 4/6
  1377 | D:2      | Found a radiant altar of Vehumet.
  1469 | D:2      | Noticed a +0 dagger
  1469 | D:2      | Noticed a +0 falchion
  1469 | D:2      | Noticed a +0 short sword
  1469 | D:2      | Noticed a +0 dagger
  1470 | D:2      | Noticed a +0 spear
  1470 | D:2      | Noticed a +0 spear
  1471 | D:2      | Noticed a +0 falchion
  1473 | D:2      | Found a hide-covered altar of Uskayaw.
  1474 | D:2      | Noticed a +0 short sword
  1635 | D:2      | Reached skill level 4 in Unarmed Combat
  1656 | D:2      | Reached XP level 4. HP: 38/38 MP: 5/7
  2405 | D:3      | Noticed an ice beast
  2443 | D:3      | Gained mutation: Your natural rate of healing is unusually
                  | fast. [potion of mutation]
  2443 | D:3      | Gained mutation: Your mind is acute. (Int +2) [potion of
                  | mutation]
  2443 | D:3      | Lost mutation: Your mind is acute. (Int +2) [potion of
                  | mutation]
  2443 | D:3      | Gained mutation: Your large and strong wings let you fly.
                  | [potion of mutation]
  2475 | D:3      | Killed an ice beast
  2476 | D:3      | Reached skill level 5 in Unarmed Combat
  2476 | D:3      | Reached XP level 5. HP: 34/47 MP: 5/8
  2742 | D:3      | Reached XP level 6. HP: 45/55 MP: 6/9
  3116 | D:3      | Reached skill level 5 in Fighting
  3275 | D:3      | Noticed Grinder
  3320 | D:3      | Paralysed by Grinder for 4 turns
  3332 | D:3      | Killed Grinder
  3333 | D:3      | Reached skill level 6 in Unarmed Combat
  3333 | D:3      | Your scales start taking on an icy white colour.
  3333 | D:3      | Reached XP level 7. HP: 18/62 MP: 8/10
  3333 | D:3      | Gained mutation: Your flesh is cold resistant. (rC+) [White
                  | Draconian growth]
  3412 | D:4      | Noticed Edmund
  3627 | D:4      | Found a staircase to the Ecumenical Temple.
  3720 | D:4      | Killed Edmund
  3812 | D:4      | Learned a level 2 spell: Wereblood
  4026 | D:4      | Found a runed translucent door.
  4027 | D:4      | Noticed Crazy Yiuf
  4405 | D:4      | Killed Crazy Yiuf
  4406 | D:4      | Reached XP level 8. HP: 37/70 MP: 11/11
  4452 | D:5      | Entered Level 5 of the Dungeon
  4522 | D:5      | Reached skill level 7 in Unarmed Combat
  4724 | D:5      | Found a hazy altar of Hepliaklqana.
  4724 | D:5      | Found a broken altar of Ashenzari.
  4724 | D:5      | Found a glowing golden altar of the Shining One.
  4940 | D:5      | Reached skill level 8 in Unarmed Combat
  5085 | D:5      | Found a stormy altar of Qazlal.
  5175 | D:5      | Found a sparkling altar of Nemelex Xobeh.
  5416 | D:6      | Reached XP level 9. HP: 82/82 MP: 12/12
  5482 | D:6      | Found a shadowy altar of Dithmenos.
  5671 | D:6      | Noticed Pikel
  5717 | D:6      | Killed Pikel
  5718 | D:6      | Reached skill level 9 in Unarmed Combat
  6538 | D:7      | Noticed Joseph
  6538 | D:7      | Noticed Dowan
  6539 | D:7      | Noticed Maggie
  6540 | D:7      | Noticed Duvessa
  6632 | D:7      | Reached skill level 10 in Fighting
  6876 | D:7      | Found a sparkling altar of Nemelex Xobeh.
  6891 | D:7      | Killed Joseph
  6892 | D:7      | Reached skill level 10 in Unarmed Combat
  7015 | D:7      | Killed Duvessa
  7018 | D:7      | Killed Dowan
  7051 | D:7      | Noticed Menkaure
  7059 | D:7      | Killed Menkaure
  7071 | D:7      | Reached XP level 10. HP: 43/93 MP: 13/13
  7288 | D:7      | Killed Maggie
  7289 | D:7      | Reached skill level 11 in Unarmed Combat
  7300 | D:7      | Found an iron altar of Okawaru.
  7320 | D:7      | Found a sacrificial altar of Ru.
  7769 | D:8      | Learned a level 1 spell: Corona
  8498 | D:9      | Reached skill level 12 in Unarmed Combat
  8506 | D:9      | Reached skill level 5 in Transmutations
  9012 | D:9      | Found a white marble altar of Elyvilon.
  9078 | D:9      | Identified the +11 longbow of the Eight Nightingales
                  | {freeze, rF+ Stlth+}
  9347 | D:9      | Reached XP level 11. HP: 43/99 MP: 14/14
  9504 | D:9      | Noticed a two-headed ogre
  9519 | D:9      | Killed a two-headed ogre
  9792 | D:10     | Entered Level 10 of the Dungeon
  9947 | Temple   | Entered the Ecumenical Temple
 10964 | D:10     | Noticed Fannar
 11091 | D:10     | Found a staircase to the Orcish Mines.
 11093 | D:10     | Found Siuth's Weapon Shoppe.
 11299 | D:10     | Reached skill level 10 in Transmutations
 11304 | D:10     | Noticed Urug
 11572 | D:10     | Learned a level 5 spell: Hydra Form
 11574 | D:10     | Learned a level 1 spell: Apportation
 11837 | D:10     | Killed Fannar
 12035 | D:10     | Noticed Snorg
 12202 | D:9      | Identified a scroll of acquirement
 12208 | D:9      | Acquired 1230 gold pieces
 12562 | D:11     | Noticed a boulder beetle
 12678 | D:11     | Annihilated by a boulder beetle

Illustrated notes

Levels and vault maps discovered:
D:1:      dpeg_arrival_round_a, layout_basic, serial_forest,
          infiniplex_forest_lined_corner, infiniplex_forest_lined_room_,
          infiniplex_forest_clump_large, infiniplex_forest_lined_2,
          infiniplex_forest_straight_3, infiniplex_forest_clump_medium,
          infiniplex_forest_straight_3, minmay_vboxes
D:2:      layout_basic, nicolae_uskayaw_en_pointe, vehumet_crystals
D:3:      layout_basic, uniq_grinder
D:4:      layout_rooms, minmay_temple_entry_mini_moons, minmay_between,
          uniq_crazy_yiuf_cottage, uniq_edmund
D:5:      kennysheep_steamy, layout_basic, kennysheep_mini_moat,
          gammafunk_temple_overflow_claw, minmay_crystal_water,
          nemelex_altar_shiori
D:6:      layout_basic, nicolae_dithmenos_shadow_blocks, uniq_pikel
D:7:      layout_loops_ring, lemuel_round_altar,
          gammafunk_temple_overflow_pools, st_stairs_12, minmay_crystal_room,
          uniq_menkaure, uniq_joseph, uniq_maggie, uniq_duvessa
D:8:      layout_basic, minivault_26
D:9:      layout_cave_pods, lemuel_coloured_pillars_altar, lemuel_flamethrower_2
D:10:     layout_roguey, orc_david_3, serial_glass, glass_columns_c,
          glass_columns_a, glass_columns_c, glass_columns_a, uniq_snorg,
          uniq_urug, uniq_fannar
D:11:     layout_gridville, lair_entry_dummy, enter_trove_0
Temple:   nicolae_temple_x_marks_the_god

Skill      XL: |  1  2  3  4  5  6  7  8  9 10 11 |
---------------+----------------------------------+-----
Fighting       | 2 3 4 5 6 8 10 | 10.0
Unarmed Combat | 4 5 6 8 10 12 | 12.0
Transmutations | 4 8 11 | 11.6
Dodging        | |  1.7
Spellcasting   | |  2.0
Hexes          | |  0.2
Translocations | |  0.2

Action                   |  1- 3 |  4- 6 |  7- 9 | 10-12 || total
-------------------------+-------+-------+-------+-------++-------
Melee: Unarmed           |   276 |   165 |   381 |   469 ||  1291
       Kick              |    17 |    34 |    45 |    89 ||   185
       Headbutt          |     8 |    13 |    39 |    70 ||   130
       Tailslap          |    42 |    14 |    45 |    61 ||   162
       Punch             |     5 |       |    13 |    21 ||    39
 Cast: Beastly Appendage |    20 |    33 |    35 |    30 ||   118
       Wereblood         |       |       |       |     7 ||     7
       Corona            |       |       |       |     3 ||     3
       Hydra Form        |       |       |       |     3 ||     3
 Abil: Breathe Frost     |       |       |    38 |    29 ||    67
  Use: Potion            |       |     6 |       |     3 ||     9
       Scroll            |       |       |     2 |    10 ||    12
 Stab: Sleeping          |     1 |     1 |     1 |       ||     3
       Invisible         |       |     2 |       |       ||     2
Armor: Skin              |    44 |    62 |   137 |   115 ||   358
Dodge: Dodged            |    88 |   117 |   199 |   162 ||   566
Block: Other             |       |       |       |    51 ||    51
       Reflection        |       |       |       |     5 ||     5

Table legend: (Time is in decaauts)
 A = Elapsed time spent in this place.
 B = Non-inter-level travel time spent in this place.
 C = Inter-level travel time spent in this place.
 D = Time resting spent in this place.
 E = Time spent auto-exploring this place.
 F = Levels seen in this place.
 G = Mean time per level.
                   A        B        C        D        E       F      G
               +--------+--------+--------+--------+--------+-----+--------+
         Total |  12494 |  10861 |   1633 |     51 |   7971 |  12 | 1041.2 |
       Dungeon |  12421 |  10796 |   1625 |     51 |   7907 |  11 | 1129.2 |
        Temple |     73 |     65 |      8 |      0 |     64 |   1 |   73.0 |
               +--------+--------+--------+--------+--------+-----+--------+

Top non-repeatable levels by time:
     D:9: 1727 daAuts
    D:10: 1323 daAuts
     D:6: 1276 daAuts
     D:3: 1255 daAuts
     D:1: 1235 daAuts
     D:2: 1227 daAuts
     D:8: 1176 daAuts
     D:5: 1168 daAuts
     D:4: 988 daAuts
     D:7: 953 daAuts
    D:11: 89 daAuts
  Temple: 73 daAuts
